cohdb
Replays
Latest Replays
All Replays
Popular Replays
Top Player Replays
Match Explorer
How It Works
Community
CoH3 Stats
Reddit
Sign in to upload your games and track your stats! →
Sign in with Steam
Match 37913966
Unlisted
Match 37913966
Overview
Messages
Build Orders
End
Scout Squad
Engineer Squad
Construct Barracks
Riflemen Squad
Riflemen Squad
Riflemen Squad
Selects Special Operations Battlegroup
Selects M29 Weasel with M1 Pack Howitzer
M29 Weasel with M1 Pack Howitzer
Infantry Support Center
Selects Raiding Flares
Construct Motor Pool
Grenade Package
M1 Anti-tank Gun Team
Selects SSF Commando Squad
Construct Medical Station
M1918 Browning Automatic Rifles
Selects P-47 Anti-Infantry Loiter
P-47 Anti-Infantry Loiter
SSF Commando Squad
M1 Anti-tank Gun Team
MR.DOGO-YT
(502) Bad Gateway
0
0
Comments
sign in to comment!
No comments posted yet!